 Dungeon Crawl Stone Soup version 0.27-a0-3-gcf006a40f5 (webtiles) character file.

Game seed: 1951497796476819293

16 tilp the Skirmisher (level 2, 0/27 HPs)
             Began as a Palentonga Abyssal Knight on Jan 1, 2021.
             Was a Follower of Lugonu.
             Slain by an adder (5 damage)
             ... on level 2 of the Dungeon.
             The game lasted 00:01:04 (402 turns).

tilp the Skirmisher (Palentonga Abyssal Knight)      Turns: 402, Time: 00:01:05

Health: 0/27       AC:  4    Str: 15    XL:     2   Next: 37%
Magic:  3/3        EV:  9    Int: 12    God:    Lugonu [*.....]
Gold:   0          SH:  0    Dex:  9    Spells: 1/1 levels left

rFire    . . .     SeeInvis +   a - +1 mace
rCold    . . .     Faith    .   (no shield)
rNeg     . . .     Spirit   .   b - +0 leather armour
rPois    .         Reflect  .   (no helmet)
rElec    .         Harm     .   (no cloak)
rCorr    .         Rampage  .   (no gloves)
Will     .....                  (no barding)
Stlth    +.........             (no amulet)
HPRegen  0.09/turn              (no ring)
MPRegen  0.08/turn              (no ring)

@: lethally poisoned (0 -> -3)
A: large, rugged brown scales 3, see invisible, deformed body, roll 1, armoured
tail
a: Rolling Charge, Renounce Religion, Depart the Abyss


You were on level 2 of the Dungeon.
You worshipped Lugonu.
Lugonu was aware of your devotion.
You visited 1 branch of the dungeon, and saw 2 of its levels.
You visited the Abyss 1 time.

Inventory:

Hand Weapons
 a - a +1 mace (weapon)
Missiles
 g - 10 poisoned darts (quivered)
Armour
 b - a +0 leather armour (worn)
Potions
 c - a potion of attraction {unknown}
 d - a potion of cancellation {unknown}
 f - 3 potions of heal wounds {unknown}


   Skills:
 + Level 3.2 Fighting
 + Level 2.3 Maces & Flails
 + Level 1.8 Armour
 + Level 1.1 Dodging
 - Level 2.0 Invocations


You had one spell level left.
You didn't know any spells.
Your spell library was empty.

Dungeon Overview and Level Annotations

Branches:
Dungeon (1/15)

Altars:


Innate Abilities, Weirdness & Mutations

You are completely covered in rugged brown scales. (AC +3, +7% HP)
You have supernaturally acute eyesight. (SInv)
Armour fits poorly on your strangely shaped body.
You can roll at nearby foes to attack.
You have a long armoured tail.


Message History

You barely miss the adder. You tail-slap the adder.
The adder is lightly wounded.
The adder closely misses you.
You closely miss the adder. The adder bites you.
The adder bites you but does no damage.
You miss the adder. The adder bites you.
The adder bites you but does no damage.
You closely miss the adder. The adder closely misses you.
You miss the adder.
Your tail-slap misses the adder.
The adder bites you but does no damage. The adder bites you.
You barely miss the adder. The adder bites you but does no damage.
The adder completely misses you.
You barely miss the adder. The adder bites you.
* * * LOW HITPOINT WARNING * * *
You hit the adder but do no damage. The adder bites you.
* * * LOW HITPOINT WARNING * * *
You are poisoned.
The adder poisons you! The adder barely misses you.
You barely miss the adder.
You feel sick. The adder bites you.
You die...

#.......#. ##...(...##
###...#.#.
#.........#.##...(#.#.
+.........+.........).
#.........####........
#.....<.# ##.###.##
#.....# #......# #.S.#
#.###### #@# #.# #.#
#.# #.# #.#
##.########.#
##...........#
#.....######## ##....#
......#.# ####.##.#


You could see an adder.

Vanquished Creatures
  An ooze (D:2)
  A goblin (D:2)
  2 hobgoblins (D:2)
  5 jackals
9 creatures vanquished.

Notes
Turn   | Place    | Note
-------+----------+-------------------------------------------
     0 | Abyss:1  | tilp the Palentonga Abyssal Knight began the quest for the
                  | Orb.
     0 | Abyss:1  | Reached XP level 1. HP: 20/20 MP: 2/2
    69 | Abyss:1  | Noticed a neqoxec
    70 | D:1      | Escaped the Abyss
   157 | D:1      | You fall into a shaft and drop 1 floor!
   168 | D:2      | Reached skill level 1 in Dodging
   173 | D:2      | Reached XP level 2. HP: 19/27 MP: 3/3
   174 | D:2      | Reached * piety under Lugonu
   402 | D:2      | Slain by an adder

Illustrated notes

Levels and vault maps discovered:
D:1:      minmay_arrival_glassed_features, layout_rooms, nrook_mini_vaults,
          amethyst_killhole
D:2:      layout_loops_corners, chequers_ecumenical_altar_simple_redux,
          grunt_decor_clamped, nicolae_qazlal_eye_of_the_storm

Skill      XL: |  1 |
---------------+----+-----
Dodging        | 1 |  1.1
Fighting       | |  3.2
Maces & Flails | |  2.3
Armour         | |  1.8
Invocations    | |  2.0

Action                   || total
-------------------------++-------
Melee: Mace              ||    35
       Tailslap          ||     2
Throw: Dart              ||     4
Invok: Depart the Abyss  ||     1
  Use: Scroll            ||     1
Armor: Leather armour    ||    14
Dodge: Dodged            ||    29

Table legend: (Time is in decaauts)
 A = Elapsed time spent in this place.
 B = Non-inter-level travel time spent in this place.
 C = Inter-level travel time spent in this place.
 D = Time resting spent in this place.
 E = Time spent auto-exploring this place.
 F = Levels seen in this place.
 G = Mean time per level.
                   A        B        C        D        E       F      G
               +--------+--------+--------+--------+--------+-----+--------+
         Total |    411 |    400 |     11 |     67 |    230 |   3 |  137.0 |
       Dungeon |    341 |    330 |     11 |     67 |    162 |   2 |  170.5 |
         Abyss |     70 |     70 |      0 |      0 |     68 |   1 |   70.0 |
               +--------+--------+--------+--------+--------+-----+--------+

Top non-repeatable levels by time:
     D:2: 252 daAuts
     D:1: 88 daAuts
 Abyss:1: 70 daAuts
